 Dungeon Crawl Stone Soup version 0.13.1-28-g3517093 (console) character file.

470 Magician the Poker (level 6, -1/50 HPs)
             Began as a Merfolk Berserker on Mar 4, 2014.
             Was a Believer of Trog.
             Slain by an orc
             ... wielding a +0,+1 orcish mace
              (2 damage)
             ... on Level 6 of the Dungeon.
             The game lasted 00:05:15 (862 turns).

Magician the Poker (Merfolk Berserker)               Turns: 862, Time: 00:05:15

HP  -1/50        AC  7     Str 18      XL: 6   Next: 83%
MP  14/14        EV 11     Int  6      God: Trog [**....]
Gold 72          SH  0     Dex 15      Spells:  0 memorised,  5 levels left

Res.Fire  : . . .   See Invis. : .   a - +0 spear {=f}
Res.Cold  : . . .   Warding    : .   e - +2 ring mail
Life Prot.: . . .   Conserve   : .   (no shield)
Res.Poison: .       Res.Corr.  : .   (no helmet)
Res.Elec. : .       Clarity    : .   (no cloak)
Sust.Abil.: . .     Spirit.Shd : .   (no gloves)
Res.Mut.  : .       Stasis     : .   (no boots)
Res.Rott. : .       Flight     : .   (no amulet)
Saprovore : . . .                    (no ring)
                                     k - ring "Suacsis" {MR++ MP+9}

@: exhausted, slowed, very slow, quite resistant to hostile enchantments, very
unstealthy
A: change form in water, swift swim
a: Burn Spellbooks, Berserk, Trog's Hand, Renounce Religion


You were on level 6 of the Dungeon.
You worshipped Trog.
Trog was pleased with you.
You were not hungry.

You visited 1 branch of the dungeon, and saw 7 of its levels.

You collected 52 gold pieces.

Inventory:

Hand weapons
 a - a +0,+0 spear (weapon) {=f}
Armour
 b - a +0 animal skin
 e - a +2 ring mail (worn)
 m - the +1 scale mail "Bostruuw" {MR++}
   (You found it on level 4 of the Dungeon)

   It affects your resistance to hostile enchantments.
Comestibles
 c - a bread ration
Scrolls
 d - a scroll of remove curse {unknown}
 f - a scroll of teleportation {unknown}
 h - a scroll of curse armour {unknown}
 i - 3 scrolls of identify {unknown}
Jewellery
 k - the ring "Suacsis" (left hand) {MR++ MP+9}
   (You found it on level 4 of the Dungeon)

   [ring of magical power]

   It affects your resistance to hostile enchantments.
 n - an uncursed amulet of inaccuracy {unknown}
Potions
 g - a potion of confusion {unknown}
 j - a potion of curing
 l - a potion of restore abilities {unknown}
Carrion
 o - a goblin corpse


   Skills:
 * Level 5.5 Fighting
 + Level 5.8 Polearms
 * Level 3.1 Armour
 + Level 4.5 Dodging


You had 5 spell levels left.
You didn't know any spells.

Dungeon Overview and Level Annotations

Branches:
Dungeon (7/27)
 Temple: D:4-7          Orc: D:6-11

Altars:


Message History

The kobold completely misses you.
You continue eating.
The adder bites you.
* * * LOW HITPOINT WARNING * * *
The orc barely misses you. The rat barely misses you.
The kobold hits you but does no damage. The adder bites you but does no damage.
The rat bites you but does no damage. The orc hits you but does no damage.
The kobold hits you but does no damage. The rat closely misses you.
You finish eating.
That bread ration really hit the spot!
Drink which item? (? for menu, Esc to quit)
You feel better. The adder misses you. The rat bites you.
* * * LOW HITPOINT WARNING * * *
The adder closely misses you. The rat closely misses you.
The kobold misses you. The orc barely misses you.
Use which ability? (? or * to list)
You fail to use your ability.
The adder bites you.
* * * LOW HITPOINT WARNING * * *
The rat closely misses you. The rat bites you but does no damage.
The kobold barely misses you. The orc hits you with an orcish mace.
You die...

#####. ...
...... .........
......
...........
.......
.............
.......
..............#
.......
..............#
......
..............#
......
........Sr.....#
#####.
........@o.....#
.......rK......#
..............#
..............#
..............#
.............
...........
......... ...


You could see an adder, an orc, a kobold and 2 rats.

Vanquished Creatures
  The ghost of tsn the Covered, an experienced HEFi of Kikubaaqudgha (D:7)
  An ogre (D:4)
  2 worker ants
  Ijyb (D:7)
  An adder (D:6)
  A giant gecko (D:4)
  An ooze (D:3)
  6 bats
  A bat skeleton (D:6)
  A giant cockroach (D:2)
  5 goblins
  2 hobgoblins
  A kobold (D:2)
  A hobgoblin skeleton (D:6)
  An orc skeleton (D:4)
  4 rats
30 creatures vanquished.

Vanquished Creatures (others)
  2 plants (D:7)
2 creatures vanquished.

Grand Total: 32 creatures vanquished

Notes
Turn   | Place    | Note
--------------------------------------------------------------
     0 | D:1      | Magician, the Merfolk Berserker, began the quest for the Orb.
     0 | D:1      | Reached XP level 1. HP: 18/18 MP: 0/0
   139 | D:3      | Reached XP level 2. HP: 20/24 MP: 1/1
   334 | D:4      | Got a sparkling tin ring
   364 | D:4      | Noticed an ogre
   375 | D:4      | Killed an ogre
   375 | D:4      | Reached XP level 3. HP: 9/30 MP: 2/2
   375 | D:4      | Reached XP level 4. HP: 11/37 MP: 3/3
   493 | D:4      | Got a slimy scale mail
   506 | D:4      | Identified the +1 scale mail "Bostruuw" {MR++} (You found it on level 4 of the Dungeon)
   518 | D:4      | Reached skill level 5 in Polearms
   526 | D:5      | Entered Level 5 of the Dungeon
   554 | D:5      | Reached XP level 5. HP: 34/42 MP: 4/4
   700 | D:6      | Acquired Trog's second power
   796 | D:7      | Noticed a giant goldfish
   814 | D:7      | Noticed Ijyb
   814 | D:7      | Noticed tsn's ghost (experienced HEFi)
   838 | D:7      | Killed tsn's ghost
   838 | D:7      | Reached skill level 5 in Fighting
   838 | D:7      | Reached XP level 6. HP: 10/50 MP: 5/5
   849 | D:7      | Killed Ijyb
   859 | D:6      | HP: 2/50 [orc/orcish mace (4)]
   862 | D:6      | Slain by an orc

Action                   |  1- 3 |  4- 6 || total
-------------------------+-------+-------++-------
Melee: Spear             |    67 |    97 ||   164
Invok: Berserk           |     1 |     3 ||     4
       Trog's Hand       |       |     1 ||     1
  Use: Potion            |       |     2 ||     2
